 Dungeon Crawl Stone Soup version 0.31-a0-986-g5e6e4ef867 (webtiles) character file.

Game seed: 4324300131983685805

100 Lobster4 the Digger (level 4, -2/25 HPs)
             Began as a Gargoyle Earth Elementalist on Nov 7, 2023.
             Slain by an orc
             ... wielding a +0 mace
              (4 damage)
             ... on level 2 of the Dungeon.
             The game lasted 00:04:51 (2015 turns).

Lobster4 the Digger (Gargoyle Earth Elementalist)   Turns: 2015, Time: 00:04:52

Health: -2/25      AC:  5    Str: 12    XL:     4   Next: 73%
Magic:  0/7        EV: 12    Int: 17    God:
Gold:   125        SH:  0    Dex: 10    Spells: 1/7 levels left

rFire   . . .        i - +1 whip (vamp)
rCold   . . .        (no shield)
rNeg    + . .        a - +0 robe
rPois   ∞            (no helmet)
rElec   +            (no cloak)
rCorr   .            (no gloves)
SInv    .            (no boots)
Will    .....        h - amulet of the acrobat
Stlth   ++           (no ring)
HPRegen 0.24/turn    (no ring)
MPRegen 0.10/turn

%: acrobat
@: no status effects
A: sickness immunity, AC +3, negative energy resistance 1, electricity
resistance, torment resistance 1, petrification resistance
a: no special abilities


You were on level 2 of the Dungeon.
You visited 1 branch of the dungeon, and saw 3 of its levels.

You collected 125 gold pieces.

Inventory:

Hand Weapons
 f - a +0 club
 i - a +1 vampiric whip (weapon)
 n - a +0 sling
 q - a +0 halberd
Missiles
 o - a throwing net
 p - 36 stones
Armour
 a - a +0 robe (worn)
Jewellery
 h - an amulet of the acrobat (around neck)
 t - the ring "Aqymuw" {Fire Int+3}
   (You found it on level 2 of the Dungeon)

   [ring of fire]

   Fire:      It enhances your fire magic.
   Int+3:     It affects your intelligence (+3).
   rF+:       It protects you from fire.
   rC-:       It makes you vulnerable to cold.
Talismans
 s - a serpent talisman
Scrolls
 c - 2 scrolls of immolation
 l - 2 scrolls of identify {unknown}
 m - a scroll of enchant weapon {unknown}
Potions
 b - a potion of magic
 d - a potion of berserk rage {unknown}
 e - a potion of might {unknown}
 g - 2 potions of lignification {unknown}
 j - a potion of curing {unknown}
 k - a potion of heal wounds {unknown}
 r - a potion of degeneration {unknown}
 u - a potion of mutation {unknown}


   Skills:
 + Level 1.4 Fighting
 + Level 1.4 Armour
 + Level 2.0 Dodging
 + Level 2.7 Stealth
 + Level 2.3 Spellcasting
 + Level 0.4 Conjurations
 - Level 1.0 Transmutations
 * Level 4.6 Earth Magic


You had one spell level left.
You knew the following spells:

 Your Spells              Type           Power      Damage    Failure   Level
a - Sandblast             Erth           34%        2d9       2%          1
b - Stone Arrow           Conj/Erth      20%        3d8       21%         3
c - Passwall              Tmut/Erth      9%         N/A       9%          2

Your spell library contained the following spells:

 Spells                   Type           Power      Damage    Failure   Level
 Petrify                  Tmut/Erth      11%        N/A       52%         4
 Brom's Barrelling Bould  Conj/Erth      10%        2d3       54%         4


Dungeon Overview and Level Annotations

Branches:
Dungeon (3/15)

Altars:

Shops:
D:3 !


Innate Abilities, Weirdness & Mutations

You are immune to sickness and miasma.
Your stone body is resilient. (AC +3)
You are immune to poison.
You resist negative energy. (rN+)
You are resistant to electric shocks. (rElec)
You are resistant to unholy torment.
You are immune to petrification.


Message History

The orc barely misses you. The orc attacks as it pursues you!
The orc misses you.
You see here a +0 dagger.
The orc attacks as it pursues you! The orc completely misses you.
The orc attacks as it pursues you! The orc completely misses you.
Casting: Sandblast (safe; 2% risk of failure)
Confirm with . or Enter, or press ? or * to list all spells.
Aiming: Sandblast (safe; 2% risk of failure)
Press: ? - help, Shift-Dir - straight line, f/p - orc
Aim: an orc, wielding a +0 mace and wearing a +0 chain mail (87% to hit)
The blast of sand misses the orc.
The blast of sand hits the orc but does no damage.
The orc closely misses you. The orc hits you with a +3 hand axe!
Casting: Sandblast (safe; 2% risk of failure)
Confirm with . or Enter, or press ? or * to list all spells.
Aiming: Sandblast (safe; 2% risk of failure)
Press: ? - help, Shift-Dir - straight line, f/p - orc
Aim: an orc, wielding a +0 mace and wearing a +0 chain mail (87% to hit)
The blast of sand hits the orc.
The orc is almost dead.
The orc hits you with a +3 hand axe.
* * * LOW HITPOINT WARNING * * *
Casting: Sandblast (safe; 2% risk of failure)
Confirm with . or Enter, or press ? or * to list all spells.
Aiming: Sandblast (safe; 2% risk of failure)
Press: ? - help, Shift-Dir - straight line, f/p - orc
Aim: an orc, wielding a +0 mace and wearing a +0 chain mail (87% to hit)
The blast of sand hits the orc.
You kill the orc!
Casting: Sandblast (safe; 2% risk of failure)
Confirm with . or Enter, or press ? or * to list all spells.
You don't have enough magic to cast this spell.
You hit the orc.
You feel better.
The orc is heavily wounded.
The orc hits you with a +0 mace.
* * * LOW HITPOINT WARNING * * *
You hit the orc but do no damage.
The orc is heavily wounded.
The orc hits you with a +0 mace.
You die...

##### #...#### ###
#......# ######## #.###
###.##.###......# #...#
#..#..##......# #.#.##
##..#.@o......# #.#..##
##...##......# #.##...
###.........# #.####.
#########.)....# #.##...
##.....####.....###.##...
##.......##......##..##...
#.......>...#.........#...
#.........###....#..#.#...
#.........# #.............


You could see an orc.

Vanquished Creatures
  3 gnolls
  An adder (D:2)
  2 dart slugs
  4 orcs
  4 endoplasms
  5 giant cockroaches
  3 goblins
  7 hobgoblins
  A quokka (D:2)
  6 ball pythons
  6 bats
  2 frilled lizards (D:1)
  2 kobolds (D:2)
  5 rats
51 creatures vanquished.

Notes
Turn   | Place    | Note
-------+----------+-------------------------------------------
     0 | D:1      | Lobster4 the Gargoyle Earth Elementalist began the quest
                  | for the Orb.
     0 | D:1      | Reached XP level 1. HP: 10/10 MP: 3/3
   226 | D:1      | Reached XP level 2. HP: 15/15 MP: 1/5
   345 | D:1      | Reached skill level 1 in Transmutations
   578 | D:1      | Reached skill level 4 in Earth Magic
   626 | D:1      | Learned a level 2 spell: Passwall
  1015 | D:2      | Reached XP level 3. HP: 20/20 MP: 3/6
  1045 | D:2      | Reached skill level 1 in Fighting
  1049 | D:2      | Reached skill level 1 in Armour
  1241 | D:2      | Reached XP level 4. HP: 14/25 MP: 2/7
  1316 | D:2      | Learned a level 3 spell: Stone Arrow
  1710 | D:2      | Identified the ring "Aqymuw" {Fire Int+3}
  1920 | D:3      | Found Qoocky's Distillery.
  2015 | D:2      | Slain by an orc

Illustrated notes

Levels and vault maps discovered:
D:1:      wheals_arrival_linesprint, layout_basic, minivault_11
D:2:      layout_rooms, minivault_5
D:3:      layout_rooms, serial_shops, nicolae_shop_drivethru, shop,
          nicolae_shop_industrial_runoff

Skill      XL: |  1  2  3  4 |
---------------+-------------+-----
Transmutations | 1 |  1.0
Earth Magic    | 4 |  4.6
Fighting       | 1 |  1.4
Armour         | 1 |  1.4
Dodging        | 2 |  2.0
Stealth        | |  2.7
Spellcasting   | |  2.3
Conjurations   | |  0.4

Action                     |  1- 3 |  4- 6 || total
---------------------------+-------+-------++-------
  Melee: Club              |     3 |       ||     3
         Whip              |     5 |     6 ||    11
  Throw: Stone             |       |     2 ||     2
   Cast: Sandblast         |    46 |    38 ||    84
    Use: Scroll            |       |     1 ||     1
 Armour: Robe              |    17 |    18 ||    35
  Dodge: Dodged            |    17 |    21 ||    38

Table legend: (Time is in decaauts)
 A = Elapsed time spent in this place.
 B = Non-inter-level travel time spent in this place.
 C = Inter-level travel time spent in this place.
 D = Time resting spent in this place.
 E = Time spent auto-exploring this place.
 F = Levels seen in this place.
 G = Mean time per level.
                   A        B        C        D        E       F      G
               +--------+--------+--------+--------+--------+-----+--------+
         Total |   2059 |   1951 |    108 |    229 |   1270 |   3 |  686.3 |
       Dungeon |   2059 |   1951 |    108 |    229 |   1270 |   3 |  686.3 |
               +--------+--------+--------+--------+--------+-----+--------+

Top non-repeatable levels by time:
     D:1: 1120 daAuts
     D:2: 810 daAuts
     D:3: 128 daAuts
